 Dungeon Crawl Stone Soup version 0.29.1-12-g30fa7ad0bf (webtiles) character file.

Game seed: 9677094792540151979

230 xian the Shooter (level 6, -4/47 HPs)
             Began as a Formicid Hunter on Dec 17, 2022.
             Slain by Robin
             ... wielding a +0 falchion
              (6 damage)
             ... on level 4 of the Dungeon.
             The game lasted 00:07:50 (3891 turns).

xian the Shooter (Formicid Hunter)                  Turns: 3891, Time: 00:07:52

Health: -4/47      AC: 10    Str: 18    XL:     6   Next: 24%
Magic:  6/6        EV:  7    Int:  8    God:
Gold:   220        SH:  0    Dex: 17    Spells: 5/5 levels left

rFire   . . .      SeeInvis +   v - +2 mace (freeze)
rCold   . . .      Faith    .   (no shield)
rNeg    . . .      Spirit   .   p - +0 chain mail
rPois   .          Reflect  .   (helmet unavailable)
rElec   .          Harm     .   (no cloak)
rCorr   .          Rampage  .   u - +0 pair of gloves
Will    .....                   w - +0 pair of boots
Stlth   ..........              e - amulet of the acrobat
HPRegen 0.15/turn               (no ring)
MPRegen 0.10/turn               (no ring)

@: weak-willed
A: permanent stasis, dig shafts and tunnels, antennae 3, four strong arms
a: Dig, Shaft Self


You were on level 4 of the Dungeon.
You visited 1 branch of the dungeon, and saw 4 of its levels.

You collected 220 gold pieces.

Inventory:

Hand Weapons
 a - a +0 shortbow
 v - a +2 mace of freezing (weapon)
Armour
 p - a +0 chain mail (worn)
 u - a +0 pair of gloves (worn)
 w - a +0 pair of boots (worn)
Jewellery
 e - an amulet of the acrobat (around neck)
 f - an amulet of guardian spirit
 t - a ring of magical power
Scrolls
 b - a scroll of immolation
 d - a scroll of vulnerability
 l - 2 scrolls of noise
 n - a scroll of poison
 r - 3 scrolls of identify
 y - 2 scrolls of teleportation
Potions
 g - 3 potions of brilliance {unknown}
 h - a potion of berserk rage {unknown}
 i - 2 potions of curing
 j - a potion of flight {unknown}
 k - a potion of ambrosia {unknown}
 m - a potion of heal wounds
 o - a potion of lignification {unknown}
 q - a potion of attraction {unknown}
 s - a potion of mutation {unknown}
 x - a potion of haste {unknown}
 A - a potion of might {unknown}


   Skills:
 + Level 3.4 Fighting
 + Level 6.3 Ranged Weapons
 + Level 1.4 Armour
 + Level 1.9 Dodging
 + Level 1.4 Stealth


You had 5 spell levels left.
You didn't know any spells.
Your spell library contained the following spells:

 Spells                   Type           Power      Damage    Failure   Level
 Apportation              Tloc           0%         N/A       99%         1
 Necrotise                Necr           0%         1d4       99%         1
 Summon Small Mammal      Summ           0%         N/A       99%         1
 Corpse Rot               Necr/Pois/Air  0%         N/A       100%        4
 Agony                    Necr           0%         N/A       100%        5
 Summon Horrible Things   Summ           0%         N/A       100%        8


Dungeon Overview and Level Annotations

Branches:
Dungeon (4/15)
 Temple: D:4-7

Altars:
Ru

Shops:
D:1 (

Annotations:
D:4 Robin


Innate Abilities, Weirdness & Mutations

You cannot be hasted, slowed, berserked, paralysed or teleported.
You can dig through walls and to a lower floor.
You have a pair of large antennae on your head. (SInv)
Your four strong arms can wield two-handed weapons with a shield.


Message History

The hobgoblin hits you but does no damage.
The goblin hits you but does no damage. x2
The goblin hits you with a +0 dagger. The goblin hits you but does no damage.
The goblin closely misses you.
Robin roars a battlecry!
The goblin goes into a battle-frenzy!
The goblin hits you but does no damage.
Your hobgoblin is engulfed in poison gas.
Your hobgoblin looks even sicker.
You kill your hobgoblin!
Your hobgoblin's corpse dissolves into shadows!
Your iguana is engulfed in poison gas.
Your iguana looks even sicker.
Your iguana bites the goblin!
The goblin dies!
You closely miss the goblin.
The goblin no longer looks unusually strong.
The goblin hits you but does no damage. The goblin hits you with a +0 club.
* * * LOW HITPOINT WARNING * * *
The goblin hits you but does no damage. x2; The goblin barely misses you. x2
The hobgoblin hits you but does no damage.
Your iguana looks even sicker.
You closely miss the goblin.
You kill your iguana!
Your iguana's corpse dissolves into shadows!
Robin roars a battlecry!
The goblin goes into a battle-frenzy!
The goblin hits you but does no damage. x2; The goblin completely misses you.
The goblin hits you but does no damage. The goblin hits you with a +0 dagger.
* * * LOW HITPOINT WARNING * * *
The goblin hits you but does no damage. The hobgoblin barely misses you.
The goblin closely misses you.
The goblin hits you but does no damage. x3
The hobgoblin barely misses you.
The goblin hits you but does no damage. x2
You hit the goblin. You freeze the goblin.
You punch the goblin, but do no damage.
The goblin is heavily wounded.
The goblin hits you but does no damage. The goblin hits you with a +0 club.
* * * LOW HITPOINT WARNING * * *
The goblin hits you but does no damage. Robin hits you with a +0 falchion.
You die...

,,,******#####..†.....#******
,,,**,,**#...#☼§☼°☼☼§§#
...#*,,,,#...#○○°☼.§§§#
...+,,,,,+...#○☼§☼°§○○#
...#,,,,,#...+°○○°°☼☼§#
...#*,,,##§###§○☼☼☼☼☼°#
...######°○§°°§○g§§○○○#
...#.....°§§.°§ggg☼§°.#
...#.....☼§§§§°g@g.§°○#
...†.....§§§○○§ggg§☼°§#
...#.....○§○○°§☼☼☼§○.○#
...#.....#####°○§°○☼☼○#
+###.....#...#§§.○○○☼○#
####.....#...#§○○☼§○§°#
...#.....#...#§○°°#####
##.#.....#...######
.#.#.....#...#


You could see Robin (weak-willed), 2 hobgoblins and 6 goblins.

Vanquished Creatures
  2 orc priests
  An iguana (D:3)
  2 adders (D:4)
  3 gnolls (D:4)
  3 worms (D:2)
  5 dart slugs
  15 orcs
  2 ball pythons (D:2)
  4 endoplasms
  2 giant cockroaches
  4 goblins
  2 hobgoblins
  4 jackals (D:1)
  6 kobolds
  2 quokkas
  A bat (D:3)
  7 frilled lizards
  A rat (D:2)
66 creatures vanquished.

Vanquished Creatures (collateral kills)
  A goblin (D:4)
1 creature vanquished.

Grand Total: 67 creatures vanquished

Notes
Turn   | Place    | Note
-------+----------+-------------------------------------------
     0 | D:1      | xian the Formicid Hunter began the quest for the Orb.
     0 | D:1      | Reached XP level 1. HP: 16/16 MP: 1/1
    92 | D:1      | Reached XP level 2. HP: 18/22 MP: 2/2
   277 | D:1      | Found Upeimp's Antique Weapon Emporium.
   402 | D:1      | Reached XP level 3. HP: 20/28 MP: 3/3
   664 | D:1      | Found a faded altar of an unknown god.
  1316 | D:2      | Reached skill level 5 in Ranged Weapons
  1316 | D:2      | Reached XP level 4. HP: 23/34 MP: 4/4
  2130 | D:3      | Reached XP level 5. HP: 39/39 MP: 5/5
  2446 | D:3      | Reached skill level 6 in Ranged Weapons
  2462 | D:3      | Reached skill level 1 in Armour
  2989 | D:3      | Got the Collected Works on Companions and Stolen Souls
  3420 | D:4      | Reached XP level 6. HP: 18/47 MP: 6/6
  3625 | D:4      | Found a sacrificial altar of Ru.
  3862 | D:4      | Noticed Robin
  3879 | D:4      | HP: 2/47 [hobgoblin[Robin] (1)]
  3891 | D:4      | HP: 2/47 [goblin/+0 club[Robin] (5)]
  3891 | D:4      | Slain by Robin

Illustrated notes

Levels and vault maps discovered:
D:1:      scummos_arrival_simple_fountains, layout_basic,
          dreamdust_ecumenical_altar_angels_and_demons, serial_shops,
          nicolae_shop_hallway_plus, minmay_pentomino_v4
D:2:      layout_basic, minmay_misc_feat_alley
D:3:      layout_loops_cross
D:4:      layout_gridville, chei_slow_surprise, nicolae_ru_sacrificial_ziggurat,
          uniq_robin, uniq_natasha

Skill      XL: |  1  2  3  4  5 |
---------------+----------------+-----
Ranged Weapons | 5 6 |  6.3
Armour         | 1 |  1.4
Fighting       | 3 |  3.4
Dodging        | |  1.9
Stealth        | |  1.4

Action                   |  1- 3 |  4- 6 || total
-------------------------+-------+-------++-------
Melee: Mace              |       |     7 ||     7
       Punch             |       |     1 ||     1
 Fire: Shortbow          |    90 |   160 ||   250
 Abil: Dig               |     5 |       ||     5
  Use: Scroll            |       |     8 ||     8
       Potion            |       |     3 ||     3
Armor: Leather armour    |     8 |       ||     8
       Chain mail        |    31 |   177 ||   208
Dodge: Dodged            |    33 |   145 ||   178
